 Dungeon Crawl Stone Soup version 0.28.0 (webtiles) character file.

Game seed: 9924471886776206709

20321 trckry the Earth Mage (level 12, -6/76 HPs)
             Began as a Gargoyle Earth Elementalist on Feb 11, 2022.
             Was a High Priest of Elyvilon.
             Mangled by Rupert (45 damage)
             ... on level 1 of the Orcish Mines.
             The game lasted 01:05:47 (18757 turns).

trckry the Earth Mage (GrEE)                       Turns: 18757, Time: 01:05:47

Health: -6/76      AC: 14    Str: 12    XL:     12   Next: 78%
Magic:  4/29       EV: 15    Int: 27    God:    Elyvilon [*****.]
Gold:   1124       SH:  0    Dex: 10    Spells: 13/28 levels left

rFire   . . .      SeeInvis .   s - +2 hand axe (elec)
rCold   . . .      Faith    .   (no shield)
rNeg    + . .      Spirit   .   N - +2 robe {Archmagi}
rPois   ∞          Reflect  .   O - +0 helmet
rElec   +          Harm     .   (no cloak)
rCorr   .          Rampage  .   (no gloves)
Will    .....      Archmagi +   l - +0 pair of boots
Stlth   ++........              S - amulet of regeneration
HPRegen 1.02/turn               n - +4 ring of evasion
MPRegen 0.21/turn               L - +6 ring of intelligence

@: divinely vigorous, studying Slings
A: sickness immunity, AC +8, negative energy resistance 1, electricity
resistance, torment resistance 1, petrification resistance
a: Renounce Religion, Purification, Heal Other, Heal Self, Divine Vigour


You were on level 1 of the Orcish Mines.
You worshipped Elyvilon.
Elyvilon was extremely pleased with you.
You visited 3 branches of the dungeon, and saw 14 of its levels.

You collected 1124 gold pieces.

Inventory:

Hand Weapons
 s - a +2 hand axe of electrocution (weapon)
 P - a +0 quarterstaff
 T - the +7 dagger of Glamorous Expedience {vorpal, rCorr Stlth+}
   (You took it off an orc wizard on level 10 of the Dungeon)

   It inflicts extra damage upon your enemies.
   rCorr:     It protects you from acid and corrosion.
   Stlth:     It makes you more stealthy.
Missiles
 b - a throwing net
 c - 296 stones
 o - 15 poisoned darts
 K - a curare-tipped dart (quivered)
Armour
 l - a +0 pair of boots (worn)
 N - a +2 robe of the Archmagi (worn)
 O - a +0 helmet (worn)
Jewellery
 n - a +4 ring of evasion (left hand)
 J - a ring of resist corrosion
 L - a +6 ring of intelligence (right hand)
 S - an amulet of regeneration (around neck)
Wands
 f - a wand of flame (33)
 D - a wand of paralysis (19)
 G - a wand of acid (11)
 I - a wand of iceblast (15)
 Q - a wand of digging (6)
 V - a wand of mindburst (6)
Scrolls
 g - 7 scrolls of teleportation {unknown}
 m - 2 scrolls of immolation {unknown}
 p - 7 scrolls of identify {unknown}
 q - 3 scrolls of fog {unknown}
 r - a scroll of noise {unknown}
 v - a scroll of holy word {unknown}
 w - 2 scrolls of enchant weapon {unknown}
 y - 2 scrolls of blinking {unknown}
 A - a scroll of vulnerability {unknown}
 C - a scroll of brand weapon {unknown}
 E - 3 scrolls of fear {unknown}
 H - 2 scrolls of amnesia {unknown}
 M - a scroll of magic mapping {unknown}
 R - a scroll of enchant armour {unknown}
Potions
 a - 9 potions of heal wounds {unknown}
 d - 3 potions of lignification {unknown}
 e - a potion of resistance {unknown}
 h - 2 potions of cancellation {unknown}
 i - a potion of haste {unknown}
 j - 6 potions of curing {unknown}
 k - 2 potions of attraction {unknown}
 t - 3 potions of mutation {unknown}
 u - a potion of invisibility {unknown}
 x - a potion of flight {unknown}
 z - a potion of magic {unknown}
 B - a potion of degeneration {unknown}
 F - a potion of ambrosia {unknown}
 U - a potion of brilliance {unknown}


   Skills:
 + Level 3.5 Fighting
 - Level 1.5 Dodging
 - Level 2.1 Stealth
 + Level 8.6 Spellcasting
 + Level 9.7 Conjurations
 - Level 4.0 Transmutations
 + Level 15.0 Earth Magic
 + Level 9.7 Invocations
 + Level 2.7 Evocations


You had 13 spell levels left.
You knew the following spells:

 Your Spells              Type           Power      Damage    Failure   Level
a - Sandblast             Erth           100%       2d20      0%          1
b - Passwall              Tmut/Erth      63%        N/A       1%          2
c - Stone Arrow           Conj/Erth      100%       3d13      1%          3
d - Petrify               Tmut/Erth      76%        N/A       1%          4
e - Lee's Rapid Deconstr  Erth           48%        3d24*     1%          5

Your spell library contained the following spells:

 Spells                   Type           Power      Damage    Failure   Level
 Foxfire                  Conj/Fire      100%       2x1d9     1%          1
 Conjure Flame            Conj/Fire      54%        6-21      1%          3
 Flame Wave               Conj/Fire      54%        2d11      7%          4
 Fulminant Prism          Conj/Hex       27%        3d14      7%          4
 Iskenderun's Mystic Bla  Conj/Tloc      54%        2d12      7%          4
 Blink                    Tloc           34%        N/A       8%          2
 Corpse Rot               Necr/Air       34%        N/A       8%          2
 Scorch                   Fire           34%        2d7       8%          2
 Inner Flame              Hex/Fire       17%        N/A       16%         3
 Freezing Cloud           Conj/Ice/Air   21%        6-21      36%         5
 Dispel Undead            Necr           17%        3d10      45%         4
 Manifold Assault         Tloc           17%        N/A       80%         5
 Death Channel            Necr           8%         N/A       100%        6
 Simulacrum               Ice/Necr       8%         N/A       100%        6
 Summon Cactus Giant      Summ           8%         N/A       100%        6
 Storm Form               Tmut/Air       16%        N/A       100%        7
 Polar Vortex             Ice            8%         N/A       100%        9


Dungeon Overview and Level Annotations

Branches:
Dungeon (11/15)            Temple (1/1) D:4            Lair (0/6) D:11
    Orc (2/2) D:9             Elf (0/3) Orc:2

Altars:
Ashenzari
Cheibriados
Dithmenos
Elyvilon
Fedhas
Gozag
Hepliaklqana
Kikubaaqudgha
Makhleb
Nemelex Xobeh
Okawaru
Qazlal
Ru
Sif Muna
Trog
Uskayaw
Vehumet
Wu Jian
Xom
Yredelemnul
Zin
The Shining One
Lugonu

Shops:
D:8 (   D:10 (   Orc:2 *[:[

Portals:
Abyss: D:3

Annotations:
D:8 1 runed translucent door
D:11 3 runed translucent doors, Ekaitz's ghost, journeyman DsFE
Orc:1 Rupert


Innate Abilities, Weirdness & Mutations

You are immune to sickness and miasma.
Your stone body is resilient. (AC +8)
You are immune to poison.
You resist negative energy. (rN+)
You are resistant to electric shocks. (rElec)
You are resistant to unholy torment.
You are immune to petrification.


Message History

An ogre comes into view. It is wielding a +0 giant spiked club.
Casting: Lee's Rapid Deconstruction (dangerous; 1% risk of failure)
Confirm with . or Enter, or press ? or * to list all spells.
Aiming: Stone Arrow (safe; 1% risk of failure)
Press: ? - help, Shift-Dir - straight line, f - two-headed ogre
Aim: a two-headed ogre, wielding a +0 dire flail and a +0 giant spiked club (severely wounded, fast, 89% to hit)
You feel a surge of power!
The stone arrow hits the two-headed ogre!
You kill the two-headed ogre!
Throw: 2 darts (curare)
Press: ? - help, Q - select action, (/) - cycle Shift-Dir - straight line, f - Rupert
Aim: Rupert, wielding a +0 vampiric great sword and wearing a +3 ring mail of fire resistance (heavily wounded, 60% to hit)
You throw a curare-tipped dart.
The curare-tipped dart barely misses Rupert.
Rupert yells loudly at you.
You suddenly lose the ability to move!
Rupert roars wildly at you.
You are confused.
The troll bites you!
The troll claws you but does no damage. x2
The ogre mage mumbles some strange words.
The ogre mage flickers and vanishes!
Deactivating autopickup; reactivate with Ctrl-A.
You can move again.
The ogre barely misses you.
You climb upwards.
Reactivating autopickup.
There is a stone staircase leading down, spattered with blood here.
You feel less confused.
Rupert roars madly and goes into a rage!
Rupert goes berserk!
Things that are here:
a +0 giant club; a +0 giant club The ogre hits you with a +0 giant spiked club!
Press: ? - help, Dir - move target, f - Rupert Heal: Rupert, wielding a +0 vampiric great sword and wearing a +3 ring mail of fire resistance (heavily wounded, berserk, chance to pacify: 1%) Elyvilon grants you divine vigour.
Rupert hits you with a +0 vampiric great sword!!
Rupert hits you with a +0 vampiric great sword!!!
Ouch! That really hurt!
You die...

#### ##..# #...###
####....##
##.##.....#
#.....#@..###
###...###@.#.##
#.....###O[...#
###.....##..>..##
##..#.#.)....).##
#...).#.#....###
###......##..##.##
##.#...#.##<......#
##....#....#.).[...#


You could see Rupert (berserk) and an ogre.

Vanquished Creatures
  2 ogre magi
  A centaur warrior (D:10)
  8 two-headed ogres
  Pikel (D:4)
  A gargoyle (D:11)
  Psyche (D:9)
  2 komodo dragons
  A tengu conjurer (D:10)
  Prince Ribbit (D:6)
  2 trolls (D:11)
  Grinder (D:4)
  4 slime creatures
  A vampire (D:11)
  2 shadows
  A wraith (D:11)
  2 yaks (D:11)
  A basilisk (D:10)
  A vampire mosquito (D:11)
  3 water moccasins
  18 orc warriors
  3 black bears
  3 ice beasts
  16 ogres
  A necrophage (D:6)
  2 centaurs
  2 lemures (D:4)
  A kobold brigand (D:7)
  7 bullfrogs
  A wyvern zombie (D:5)
  A gnoll sergeant (D:9)
  2 scorpions
  2 wyvern skeletons (D:7)
  8 killer bees
  10 wights (D:9)
  A howler monkey (D:6)
  A crimson imp (D:5)
  7 centaur zombies
  3 bullfrog zombies
  3 jellies
  2 hounds (D:7)
  2 centaur skeletons
  16 orc priests
  2 iguanas
  14 orc wizards
  Natasha (thrice) (D:4)
  A hound skeleton (D:4)
  8 gnolls
  7 adders
  A shadow imp (D:5)
  A white imp (D:5)
  An ufetubus (D:4)
  4 worms
  5 dart slugs
  67 orcs
  7 endoplasms
  5 giant cockroaches
  10 goblins
  4 hobgoblins
  6 jackals
  2 quokkas
  6 ball pythons
  5 bats
  6 frilled lizards
  A goblin zombie (D:5)
  5 hobgoblin zombies (D:5)
  A jackal zombie (D:8)
  11 kobolds
  A kobold skeleton (D:8)
  A kobold zombie (D:5)
  2 orc skeletons (D:5)
  An orc zombie (D:5)
  8 rats
  2 lurking horrors (D:3)
346 creatures vanquished.

Vanquished Creatures (others)
  An orc wizard (D:8)
  36 fungi (D:11)
  32 plants
69 creatures vanquished.

Grand Total: 415 creatures vanquished

Notes
Turn   | Place    | Note
-------+----------+-------------------------------------------
     0 | D:1      | trckry the Gargoyle Earth Elementalist began the quest for
                  | the Orb.
     0 | D:1      | Reached XP level 1. HP: 10/10 MP: 3/3
   136 | D:1      | Reached skill level 1 in Transmutations
   235 | D:1      | Found a faded altar of an unknown god.
   239 | D:1      | Reached skill level 4 in Earth Magic
   239 | D:1      | Reached XP level 2. HP: 15/15 MP: 1/5
   290 | D:1      | Prayed at the altar of an unknown god.
   290 | D:1      | Became a worshipper of Elyvilon the Healer
   290 | D:1      | Reached * piety under Elyvilon
   983 | D:2      | Reached XP level 3. HP: 19/19 MP: 3/6
  1337 | D:2      | Reached ** piety under Elyvilon
  1484 | D:2      | Reached XP level 4. HP: 24/24 MP: 2/7
  1657 | D:3      | Reached skill level 5 in Earth Magic
  1660 | D:3      | Learned a level 2 spell: Passwall
  1664 | D:3      | Learned a level 3 spell: Stone Arrow
  2057 | D:3      | Found an ornate altar of the Wu Jian Council.
  2086 | D:3      | Noticed an ogre
  2101 | D:3      | Found an ancient bone altar of Kikubaaqudgha.
  2115 | D:3      | Killed an ogre
  2116 | D:3      | Reached skill level 1 in Conjurations
  2116 | D:3      | Reached skill level 1 in Invocations
  2116 | D:3      | Reached XP level 5. HP: 26/28 MP: 5/9
  2346 | D:3      | Found a one-way gate to the infinite horrors of the Abyss.
  2354 | D:3      | Found a corrupted altar of Lugonu.
  2758 | D:4      | Reached *** piety under Elyvilon
  2775 | D:4      | Found a broken altar of Ashenzari.
  2775 | D:4      | Noticed a lemure
  2805 | D:4      | Killed a lemure
  2838 | D:4      | Noticed an ogre
  2846 | D:4      | Killed an ogre
  2847 | D:4      | Reached XP level 6. HP: 32/32 MP: 5/10
  2911 | D:4      | Found a sacrificial altar of Ru.
  2949 | D:4      | Reached skill level 6 in Earth Magic
  2991 | D:4      | Noticed Natasha
  2994 | D:4      | Killed Natasha
  3178 | D:4      | Found a staircase to the Ecumenical Temple.
  3189 | Temple   | Entered the Ecumenical Temple
  3554 | D:4      | Noticed Pikel
  3629 | D:4      | Killed Pikel
  3630 | D:4      | Reached skill level 7 in Earth Magic
  3630 | D:4      | Reached XP level 7. HP: 36/36 MP: 1/12
  3686 | D:4      | Noticed Grinder
  3696 | D:4      | Killed Grinder
  3697 | D:4      | Reached XP level 8. HP: 41/41 MP: 1/14
  3789 | D:4      | Noticed Natasha
  3793 | D:4      | Killed Natasha
  4287 | D:4      | Noticed Natasha
  4293 | D:4      | Killed Natasha
  4294 | D:4      | Reached skill level 8 in Earth Magic
  4544 | D:5      | Entered Level 5 of the Dungeon
  4569 | D:5      | Found a glowing golden altar of the Shining One.
  5174 | D:5      | Found a blossoming altar of Fedhas.
  5633 | D:6      | Reached **** piety under Elyvilon
  5736 | D:6      | Noticed Prince Ribbit
  5742 | D:6      | Killed Prince Ribbit
  5743 | D:6      | Reached skill level 9 in Earth Magic
  5743 | D:6      | Reached XP level 9. HP: 45/45 MP: 5/16
  6195 | D:5      | Learned a level 4 spell: Petrify
  6555 | D:6      | Reached skill level 5 in Spellcasting
  6555 | D:6      | Reached skill level 5 in Conjurations
  6575 | D:6      | Reached skill level 5 in Invocations
  6828 | D:6      | Reached skill level 10 in Earth Magic
  7638 | D:7      | Found a shadowy altar of Dithmenos.
  7928 | D:7      | Found a hazy altar of Hepliaklqana.
  8130 | D:7      | Reached XP level 10. HP: 39/50 MP: 2/18
  8255 | D:7      | Found a hide-covered altar of Uskayaw.
  8427 | D:7      | Found a glowing silver altar of Zin.
  8476 | D:8      | Found a runed translucent door.
  8492 | D:8      | Found a basalt altar of Yredelemnul.
  8528 | D:8      | Noticed a two-headed ogre
  8903 | D:7      | HP: 2/50 [two-headed ogre (24)]
  9556 | D:8      | Reached skill level 11 in Earth Magic
  9673 | D:8      | Reached ***** piety under Elyvilon
 10020 | D:8      | Found an opulent altar of Gozag.
 10055 | D:8      | Found Circhuan's Weapon Boutique.
 10761 | D:9      | Noticed Psyche
 10765 | D:9      | Killed Psyche
 11411 | D:9      | Found a staircase to the Orcish Mines.
 11492 | D:9      | Reached skill level 12 in Earth Magic
 12780 | D:9      | Reached XP level 11. HP: 54/54 MP: 17/21
 13086 | D:10     | Entered Level 10 of the Dungeon
 13112 | D:10     | Learned a level 5 spell: Lee's Rapid Deconstruction
 13544 | D:10     | Reached skill level 13 in Earth Magic
 13623 | D:10     | Noticed a two-headed ogre
 13630 | D:10     | Killed a two-headed ogre
 13658 | D:10     | Found a sparkling altar of Nemelex Xobeh.
 13738 | D:10     | Found Lezxufyo's Antique Weapon Shop.
 13910 | D:10     | Identified the +7 dagger of Glamorous Expedience {vorpal,
                  | rCorr Stlth+}
 14023 | D:10     | Reached ****** piety under Elyvilon
 14024 | D:10     | Noticed a seven-headed hydra
 14025 | D:10     | Pacified a seven-headed hydra
 14176 | D:10     | Noticed a centaur warrior
 14185 | D:10     | Killed a centaur warrior
 14493 | D:11     | Found a runed translucent gate.
 14493 | D:11     | Found a runed translucent gate.
 14493 | D:11     | Found a runed translucent gate.
 14635 | D:11     | Noticed Ekaitz's ghost (journeyman DsFE)
 14684 | D:11     | Found a flickering gateway to a bazaar.
 14984 | D:11     | Reached skill level 14 in Earth Magic
 15720 | D:11     | Found a staircase to the Lair.
 15733 | D:11     | Reached XP level 12. HP: 59/59 MP: 19/23
 15869 | D:11     | HP: 7/59 [disintegration (4)]
 16522 | Orc:1    | Entered Level 1 of the Orcish Mines
 17094 | Orc:2    | Entered Level 2 of the Orcish Mines
 17094 | Orc:2    | Found a staircase to the Elven Halls.
 17202 | Orc:2    | Found Paeblun's Antique Armour Shop.
 17202 | Orc:2    | Noticed an ogre mage
 17202 | Orc:2    | Noticed a two-headed ogre
 17202 | Orc:2    | Noticed an ogre mage
 17203 | Orc:2    | Noticed a two-headed ogre
 17203 | Orc:2    | Found Ecuar's Book Emporium.
 17203 | Orc:2    | Found Ityte's General Store.
 17203 | Orc:2    | Found Hisukios's Antique Armour Emporium.
 17203 | Orc:2    | Noticed an ogre mage
 17203 | Orc:2    | Noticed a two-headed ogre
 17203 | Orc:2    | Noticed a two-headed ogre
 17203 | Orc:2    | Noticed a two-headed ogre
 17203 | Orc:2    | Noticed a two-headed ogre
 17373 | D:9      | Killed a two-headed ogre
 17374 | D:9      | Reached skill level 1 in Fighting
 17374 | D:9      | Reached skill level 1 in Evocations
 17524 | Orc:1    | Killed a two-headed ogre
 17669 | Orc:1    | HP: 1/61 [two-headed ogre (18)]
 17782 | D:9      | Killed a two-headed ogre
 17911 | Orc:2    | Noticed a two-headed ogre
 17918 | Orc:1    | Elyvilon protects you from harm!
 17952 | D:9      | Killed a two-headed ogre
 18232 | Orc:1    | Killed a two-headed ogre
 18360 | Orc:2    | Noticed a two-headed ogre
 18455 | Orc:1    | Killed a two-headed ogre
 18630 | Orc:1    | Killed an ogre mage
 18732 | Orc:2    | Noticed an ogre mage
 18742 | Orc:2    | Noticed Rupert
 18742 | Orc:2    | Killed an ogre mage
 18743 | Orc:2    | Reached skill level 15 in Earth Magic
 18746 | Orc:2    | Killed a two-headed ogre
 18747 | Orc:2    | Paralysed by Rupert for 5 turns
 18757 | Orc:1    | Mangled by Rupert

Illustrated notes

Levels and vault maps discovered:
D:1:      minmay_arrival_open_corners, layout_loops_ring,
          ebering_ecumenical_altar_sacrificial, st_stairs_5
D:2:      layout_rooms
D:3:      layout_basic, mainiacjoe_overflow_catch_the_wave,
          amcnicky_altar_lugonu_corruption
D:4:      layout_loops_ring, lemuel_coloured_pillars_altar,
          amcnicky_altar_gilded, temple_green, minmay_misc_feat_tiny,
          kennysheep_generic_room_8, uniq_grinder, uniq_pikel, uniq_natasha
D:5:      layout_basic, nicolae_tso_besieged_by_evil, fedhas_ov_isle_minmay,
          serial_glass, glass_columns_a, glass_columns_a, glass_columns_b,
          glass_columns_a
D:6:      layout_cave_pools, uniq_prince_ribbit1
D:7:      layout_rooms, lemuel_doored_altar, zin_scriptorium,
          mainiacjoe_overflow_alcove_4, kennysheep_mini_moat
D:8:      layout_basic, dk_yredelemnul_ordeal, nicolae_gozag_seed_capital,
          serial_shops, kennysheep_little_box, corner_web_ring
D:9:      layout_long_grid, orc_0_dummy, special_room [special_room_orc],
          uniq_psyche
D:10:     minmay_tri_box, layout_grid_maze, mainiacjoe_overflow_brackets,
          enter_bailey_3, serial_shops, shop
D:11:     layout_stronghold, due_lair_maze_entry_diamond, gammafunk_ghost_icy,
          serial_shops, bzr_entry_islet, minmay_orc_keep
Temple:   compressed_dpeg_triangle_lava_temple
Orc:1:    layout_diamond_mine
Orc:2:    st_orc_ogre_mass, layout_caves, uniq_rupert, uniq_josephine

Skill      XL: |  1  2  3  4  5  6  7  8  9 10 11 12 |
---------------+-------------------------------------+-----
Transmutations | 1 2 3 4 |  4.0
Earth Magic    | 4 5 7 9 10 12 14 15 | 15.0
Conjurations   | 1 3 4 5 7 8 9 |  9.7
Invocations    | 1 3 4 5 7 8 9 |  9.7
Spellcasting   | 3 4 5 6 7 8 |  8.6
Fighting       | 3 |  3.5
Evocations     | 2 |  2.7
Dodging        | |  1.5
Stealth        | |  2.1

Action                   |  1- 3 |  4- 6 |  7- 9 | 10-12 || total
-------------------------+-------+-------+-------+-------++-------
Melee: Short sword       |     1 |    28 |       |       ||    29
       Whip              |       |       |   119 |   103 ||   222
       Punch             |       |       |     3 |     3 ||     6
       Hand axe          |       |       |       |    46 ||    46
Throw: Dart              |       |       |       |    13 ||    13
 Cast: Sandblast         |    65 |    61 |     5 |     4 ||   135
       Stone Arrow       |       |     5 |   107 |   319 ||   431
       Petrify           |       |       |     2 |    17 ||    19
       Lee's Rapid Decon |       |       |       |     3 ||     3
       Passwall          |       |       |       |     2 ||     2
Invok: Heal Other        |       |       |       |     1 ||     1
       Heal Self         |       |       |       |     1 ||     1
       Divine Vigour     |       |       |       |     1 ||     1
Evoke: Wand              |       |       |       |     1 ||     1
 Stab: Petrified         |       |       |    14 |    15 ||    29
Armor: Robe              |    10 |    11 |    40 |   103 ||   164
Dodge: Dodged            |    14 |    25 |    98 |   249 ||   386
